AoeStats
← Robin

Arabian Desert

509965763Analyzed
1v1 RM · 2d ago on Sep 28, 2026· 49m 59s· 2 players
Game mode
Random Map
Map size
Tiny (2 player)
Population
200
Speed
Normal
Resources
Standard
Victory
Conquest
Starting age
Dark Age
Ending age
Imperial Age
RankedLock teamsTeams togetherTeam positionsShared explorationLock speedFull tech treeHidden civsTurbo modeCheats
Victory
Defeat
🇬🇧 Britons · United Kingdom
1060
+16
🇺🇸 Vietnamese · United States
1053
-16
slimetimelive
2:27 Loom
9:53 Feudal Age
10:59 Double-Bit Axe
10:56 Horse Collar
20:47 Castle Age
19:36 Gold Mining
19:42 Fletching
19:53 Padded Archer Armor
20:58 Crossbowman
22:09 Bodkin Arrow
24:06 Bow Saw
26:28 Wheelbarrow
28:16 Hand Cart
35:18 Imperial Age
33:19 Elite Skirmisher
34:23 Leather Archer Armor
34:38 Ballistics
36:32 Bracer
37:38 Chemistry
36:57 Imperial Skirmisher
38:34 Ring Archer Armor
39:18 Stone Mining
42:20 Arbalester
44:09 Thumb Ring
44:49 Scale Barding Armor
44:54 Forging
46:08 Bloodlines
46:59 Husbandry
47:54 Cavalier
50:18 Heavy Plow
Robin
6:26 Loom
9:29 Feudal Age
10:06 Double-Bit Axe
13:44 Fletching
22:26 Castle Age
20:49 Padded Archer Armor
20:49 Horse Collar
23:59 Bodkin Arrow
25:57 Wheelbarrow
27:32 Leather Archer Armor
35:04 Ballistics
36:34 Hand Cart
36:53 Heavy Plow
37:05 Bow Saw
40:44 Imperial Age
38:36 Scale Barding Armor
38:41 Forging
39:49 Chain Barding Armor
40:07 Husbandry
40:47 Iron Casting
40:49 Cavalier
41:59 Conscription
42:35 Plate Barding Armor
44:01 Blast Furnace
43:17 Gold Mining
45:31 Town Watch
49:09 Light Cavalry
Connection lost

Rejoining the realm…

Still unreachable

The connection could not be restored.

Session expired

The server has moved on; the page needs a fresh start.